[Event "SixDays Budapest March GM A 2025"]
[Site "Budapest"]
[Date "2025.03.24"]
[Round "1.1"]
[White "Pap, Misa"]
[Black "Moldagali, Beksultan"]
[Result "0-1"]
[Annotator "TA"]
[ECO "B01"]
[WhiteElo "2457"]
[BlackElo "2398"]
[PlyCount "112"]
[EventDate "2025.03.23"]
[EventCountry "HUN"]
[SourceTitle "playchess.com"]
[Source "ChessBase"]
[SourceQuality "1"]
[TimeControl "5400+30"]

1. e4 d5 2. exd5 Qxd5 3. Nc3 Qa5 4. d4 Nf6 5. Nf3 Bf5 6. Bc4 e6 7. Bd2 {[%emt 0:01:38][%cal Oc3d5,Bc1d2,Bd2c3,Bc3b4][%mdl 32] B01: Scandinavian Defence.} Bb4 $1 {[%emt 0:00:20][%mdl 4] outshines the older 7...c6.} 8. a3 Bxc3 9. Bxc3 {[%emt 0:00:03] White is slightly better.} Qb6 10. Qe2 O-O 11. O-O-O Nc6 {[%emt 0:01:42] Against Bb4} 12. Rhg1 (12. Ne5 {with more complications.} Nd5 13. Nd7 Nxc3 14. bxc3 Qa5 15. Nxf8 Qxa3+ 16. Kd2) 12... Na5 $146 (12... Ne4 $11 {remains equal.}) ({Predecessor:} 12... Bg4 13. h3 Bxf3 14. gxf3 Nd5 15. Bd2 Nxd4 16. Qe4 Kh8 17. c3 Nb3+ 18. Bxb3 Qxb3 {½-½ L'Ami,E (2645)-Pruijssers,R (2523) NED-ch KO Utrecht 2023 (2.1)}) 13. Ba2 Be4 14. Bb4 $1 Rfc8 15. Ne5 c5 16. dxc5 $18 (16. Bxc5 $6 Qc7 $16) 16... Qc7 17. f4 (17. Rd6 $1 $16 {[%cal Oe5f7] Black must now prevent Nxf7!.} Bd5 18. Bxd5 exd5 19. Bxa5 Qxa5 20. Re1) 17... Nc6 $14 18. Bc3 Bd5 19. Nxc6 $1 Bxa2 {[%emt 0:00:23] Black is weak on the dark squares} 20. Bxf6 $1 Qxf4+ 21. Rd2 $1 Rxc6 22. Bd4 Bd5 {[%emt 0:08:26] [#]} (22... e5 $1 $14 23. Bxe5 Qg5) 23. c4 $1 $40 {[%emt 0:01:35][%mdl 128] White goes for the king.} Bxc4 (23... Be4 24. Rf1 Qh4 25. Bf2 $18) 24. Qxc4 e5 25. Rf1 Rxc5 26. Qxc5 (26. Rxf4 $2 Rxc4+ 27. Kb1 exf4 $19) 26... Qxf1+ 27. Rd1 Qf4+ 28. Be3 Qe4 29. Rd2 Qf5 (29... h6 $142 30. Qc3 Kh7) 30. Qc2 Qg4 31. h3 Qg3 {[%emt 0:01:01] [#]} 32. Bxa7 $1 Re8 (32... Qg5 33. Kb1) 33. Kb1 h6 34. Qe4 b5 35. Rd3 Qh2 36. Bb6 b4 (36... Qf4 $142 37. Qxf4 exf4) 37. a4 (37. Qxb4 Qxg2 38. Ka2 Qg6 $18) 37... f5 38. Qc6 (38. Qxb4 Qxg2 39. Qb5 Re7 $18) 38... Rf8 39. Bc5 Rf6 40. Rd8+ Kh7 41. Qd5 b3 42. Qxb3 (42. Qg8+ Kg6 43. Rd1 (43. Qxb3 Qxg2 44. Qd5 e4 $18) (43. Qe8+ Kh7 $18) 43... Rf7 $18) 42... Qxg2 43. Qg8+ Kg6 44. Qe8+ Kh7 45. Qxe5 f4 46. Qd5 f3 (46... Qxd5 $142 47. Rxd5 Ra6) 47. Bd4 Qg6+ 48. Ka1 Rf7 49. Qa8 Qc2 50. Rh8+ Kg6 51. Qa6+ Kh5 {[%emt 0:00:25] And now ...Qd1+ would win.} 52. Qb5+ Rf5 53. Qe8+ Kh4 {[%emt 0:00:32] [#]} 54. Qe1+ (54. Bxg7 Qd1+ 55. Ka2 Rf4 56. Qe7+ (56. Bxh6 $2 {perishes.} Rxa4+ $19) (56. Rxh6+ Kg3 $11) 56... Kg3 $11) ({White must play} 54. Bf2+ $1 $18 Kxh3 (54... Qxf2 $2 55. Qe4+ Kg3 56. Qg4+ Kh2 57. Qxf5 $18) 55. Qe1 Qxa4+ 56. Kb1) 54... f2 $1 $11 {[%emt 0:00:18] Really sharp!} 55. Bxf2+ Rxf2 56. Ra8 $2 (56. Qb4+ $11 Kxh3 57. Ka2) 56... Qxb2# {[%emt 0:00:06] Weighted Error Value: White=0.38/Black=0.33  Loses game:     	White=1     	---        Missed win:     	White=1     	---        Mistake:       	White=1     	Black=6      Inaccurate:     	White=4     	Black=2      OK:         	White=17    	Black=23     Best:        	White=4     	Black=7      Strong:       	White=5     	Black=1} 0-1

[Event "SixDays Budapest March GM A 2025"]
[Site "Budapest"]
[Date "2025.03.24"]
[Round "1.2"]
[White "Uskov, Artem"]
[Black "Rohrer, Christophe"]
[Result "1-0"]
[Annotator "TA"]
[ECO "C74"]
[WhiteElo "2461"]
[BlackElo "2266"]
[PlyCount "83"]
[EventDate "2025.03.23"]
[EventCountry "HUN"]
[SourceTitle "playchess.com"]
[Source "ChessBase"]
[SourceQuality "1"]
[TimeControl "5400+30"]

1. e4 e5 2. Nf3 Nc6 3. Bb5 a6 4. Ba4 d6 5. c3 Bg4 6. h3 {[%emt 0:00:04] C74: Ruy Lopez: Deferred Steinitz: 5 c3 f5.} Bh5 7. d4 b5 8. Bc2 {[%emt 0:00:06] White is slightly better.} Nf6 9. d5 Nb8 10. a4 c6 $146 (10... Nbd7 11. axb5 axb5 12. Rxa8 Qxa8 13. Qe2 Qb7 14. g4 Bg6 15. Nh4 Be7 16. Nxg6 hxg6 {½-½ Smolovic,M (2298)-Bukvic,M (2119) Belgrade Trophy 30th 2016 (4)}) 11. axb5 cxb5 12. Qe2 Bxf3 13. Qxf3 Nbd7 14. g4 g6 {[%emt 0:02:32] White has space advantage and is better} 15. h4 h5 16. g5 Nh7 17. Qg3 {[%emt 0:10:10] White is more active.} Bg7 18. Nd2 O-O 19. Nb3 a5 20. Bd3 Qb6 (20... b4 $16) 21. Be3 $18 Nc5 22. Nxc5 dxc5 23. O-O {[%emt 0:00:09][%cal Ob2b4] Threatens to win with b4!.} a4 24. Rfb1 Rfe8 (24... b4 $142 25. cxb4 Qxb4) 25. b4 axb3 26. Rxa8 Rxa8 27. Rxb3 Ra5 28. Qh3 Nf8 $2 (28... Ra1+ 29. Kh2 Bf8 30. Bxb5 (30. Rxb5 Qc7 $16)) (28... Qa6 {was called for.}) 29. Qc8 Ra1+ 30. Kg2 Qa5 {[%emt 0:00:42] [#] and ...c4 would now be decisive} 31. Qxc5 (31. Rxb5 Qxc3 32. Bb1 (32. Rxc5 $2 Qxd3 33. Rc1 Qxe4+ 34. Kg1 Rxc1+ 35. Bxc1 Qxd5 $19) 32... Qe1 $11) 31... f5 32. exf5 gxf5 33. Bxf5 {[%emt 0:00:27] A strong pair of Bishops.} Qa4 34. Qb4 ({Not} 34. Rxb5 Qd1 35. f3 Qh1+ 36. Kg3 e4 $11) 34... Qa2 35. Qxb5 Re1 36. Rb2 ({Less strong is} 36. c4 Qe2 37. c5 Qd1 $11) 36... Qa1 37. Rb1 Rxb1 38. Qxb1 Qxc3 39. Qd1 Qc4 40. d6 {[%emt 0:00:06] [#] d7 would kill now.} Qc6+ 41. Kg1 Nd7 42. Be6+ {[%emt 0:00:08] Weighted Error Value: White=0.09 (flawless) /Black=0.87  Mistake:       	---       	Black=3      Inaccurate:     	---       	Black=5      OK:         	White=14    	Black=10     Best:        	White=3     	Black=1} 1-0

[Event "SixDays Budapest March GM A 2025"]
[Site "Budapest"]
[Date "2025.03.24"]
[Round "1.3"]
[White "Jake Shanty"]
[Black "Ostrovskiy, Aleksandr"]
[Result "0-1"]
[Annotator "TA"]
[ECO "D37"]
[WhiteElo "2336"]
[BlackElo "2394"]
[PlyCount "66"]
[EventDate "2025.03.23"]
[EventCountry "HUN"]
[SourceTitle "playchess.com"]
[Source "ChessBase"]
[SourceQuality "1"]
[TimeControl "5400+30"]

1. d4 d5 2. Nf3 Nf6 3. c4 e6 4. Nc3 dxc4 5. Bg5 a6 6. a4 Nc6 {[%emt 0:01:52][%cal Bb8c6,Bc6a5,Ba5c4,Bc4e3,Be3c2][%mdl 32] D24: Queen's Gambit Accepted: 3 Nf3 Nf6 4 Nc3.} 7. e3 Na5 8. Ne5 {[%emt 0:06:58] The old main line.} Bb4 {[%emt 0:01:20] The position is equal.} 9. Nxc4 Qd5 10. Bxf6 Nxc4 11. Qb3 Nxe3 12. Qxb4 Nc2+ 13. Kd2 Nxb4 14. Nxd5 Nxd5 15. Bxg7 Rg8 16. Be5 f6 17. Bg3 Rg4 18. f4 $146 (18. Kd3 c5 19. dxc5 e5 20. Kd2 Bf5 21. Be2 Rd4+ 22. Ke1 Nb4 23. Rd1 {0-1 Malbasic,L (1858)-Lendero,L (2243) SLO DP-F23 email 2019}) 18... Nxf4 {[%emt 0:15:23] Black is more active.} 19. Bxf4 Rxf4 20. Ke3 Rg4 21. Be2 ({White should try} 21. Rc1 $15) 21... Rxg2 $17 22. Raf1 Ke7 23. Rfg1 Rg6 24. Bd3 {[%emt 0:00:43] [#]} f5 $1 25. h4 Bd7 26. h5 Rgg8 27. a5 Bc6 28. Rxg8 Rxg8 $19 {[%emt 0:00:04] KRB-KRB. Black is two pawns up.} 29. Rc1 Rg3+ {[%emt 0:01:01] Black is clearly winning.} 30. Kd2 Kd6 31. b4 Rh3 32. Be2 Rh2 33. Ke3 {[%emt 0:00:28] [#]} f4+ $1 {[%emt 0:00:19] Weighted Error Value: White=0.38/Black=0.00 (flawless)   Mistake:       	White=1     	---        Inaccurate:     	White=2     	---        OK:         	White=11    	Black=15     Best:        	White=2     	Black=6      Strong:       	---       	Black=1} 0-1

[Event "SixDays Budapest March GM A 2025"]
[Site "Budapest"]
[Date "2025.03.24"]
[Round "1.4"]
[White "Zia, Tahsin Tajwar"]
[Black "Borgaonkar Akshay"]
[Result "0-1"]
[Annotator "TA"]
[ECO "D15"]
[WhiteElo "2327"]
[BlackElo "2418"]
[PlyCount "122"]
[EventDate "2025.03.23"]
[EventCountry "HUN"]
[SourceTitle "playchess.com"]
[Source "ChessBase"]
[SourceQuality "1"]
[TimeControl "5400+30"]

1. d4 d5 2. c4 c6 3. Nf3 Nf6 4. Nc3 dxc4 5. g3 e6 6. Bg2 b5 7. O-O Bb7 8. Ne5 a6 {[%emt 0:03:21] E04: Open Catalan: 5 Nf3.} 9. a4 Be7 10. axb5 axb5 {[%emt 0:00:14] The position is equal.} 11. Rxa8 Bxa8 12. Nxb5 cxb5 13. Bxa8 O-O 14. Bf3 Qb6 15. e4 Nbd7 16. Be3 Qa6 17. Nxd7 Nxd7 18. e5 $146 (18. Qc2 Nb6 19. Rd1 Rd8 20. Kg2 b4 21. d5 exd5 22. exd5 Nc8 23. Be2 Nd6 24. Bc5 {½-½ Rozen,E (2435)-Ohanyan,E (2490) EU-ch U18 31st 2023 (5)}) 18... Nb6 19. Be4 Nd5 20. Qh5 (20. Bxd5 {simplifies} exd5 21. f4 f5 22. h3) 20... g6 {[%emt 0:01:07] Successful Defense Black} 21. Qf3 Nxe3 (21... Rd8 {keeps more tension.} 22. h4 Qa2 23. Rc1 Kg7) 22. Qxe3 Rd8 23. Kg2 Qa2 24. Rb1 b4 25. h4 Qa7 26. Rd1 Bc5 27. Qg5 $1 Qe7 28. Qe3 Qa7 (28... h5 $5) 29. Qg5 $1 Qe7 30. Qe3 h5 31. Bf3 Bb6 $36 {[%emt 0:00:52][%mdl 2048] Black has the initiative.} 32. Qf4 $1 c3 33. bxc3 bxc3 34. d5 $1 exd5 35. Rxd5 Rc8 36. e6 $2 Qxe6 $2 (36... c2 $1 $19 37. Qc1 Qxe6 (37... fxe6 38. Rd2 $11)) 37. Rd6 $2 {[%emt 0:00:05][%mdl 8192] Loses the game.} (37. Rd1 $17) 37... Bc7 $19 38. Rxe6 Bxf4 {[%emt 0:00:04][%mdl 4096] Endgame KRB-KRB. Black is a pawn up.} 39. Re2 c2 40. Rxc2 Rxc2 41. gxf4 {[%emt 0:00:04] KR-KB} Kg7 42. f5 Kf6 ({Weaker is} 42... gxf5 43. Bxh5 Kf6 44. Bf3 $17) 43. fxg6 fxg6 44. Be4 Rb2 (44... Re2 $142 45. Kg3 Rxe4) 45. Kg3 Rb3+ 46. f3 Ra3 47. Kf4 Ra1 48. Bd3 $2 (48. Kg3) 48... Rg1 {[%emt 0:00:08] Threatens to win with ...g5+.} 49. Be4 $2 (49. Bb5) 49... Rg2 50. Bc6 g5+ 51. hxg5+ Rxg5 {[%emt 0:00:03] ( -> ...h4)} 52. Bb7 $2 (52. Bd7 $19) 52... h4 $1 {[%emt 0:00:52] Black mates.} 53. Bc8 Rc5 $1 54. Bb7 Rh5 55. Kg4 {[%emt 0:01:17] [#]} Rh7 $1 56. Be4 {[%emt 0:00:48] [#]} h3 $1 57. f4 {[%emt 0:00:05] [#]} h2 $1 58. Bh1 Rh8 59. Kg3 Kf5 60. Kf3 Rg8 61. Bg2 Rg4 {[%emt 0:00:19] Weighted Error Value: White=0.60/Black=0.14 (very precise)   Loses game:     	White=2     	---        Missed win:     	---       	Black=1      Mistake:       	White=3     	Black=1      Inaccurate:     	White=3     	Black=4      OK:         	White=10    	Black=11     Best:        	White=3     	Black=3      Strong:       	White=4     	Black=1} 0-1

[Event "SixDays Budapest March GM A 2025"]
[Site "Budapest"]
[Date "2025.03.25"]
[Round "2.1"]
[White "Moldagali, Beksultan"]
[Black "Aczel, Gergely"]
[Result "0-1"]
[Annotator "TA"]
[ECO "B54"]
[WhiteElo "2398"]
[BlackElo "2487"]
[PlyCount "118"]
[EventDate "2025.03.23"]
[EventCountry "HUN"]
[SourceTitle "playchess.com"]
[Source "ChessBase"]
[SourceQuality "1"]
[TimeControl "5400+30"]

1. e4 c5 2. Nf3 d6 3. d4 cxd4 4. Nxd4 Nf6 5. Bd3 Nc6 6. Nxc6 bxc6 7. O-O g6 {[%emt 0:00:06] B55: Sicilian: 2...d6 3 d4 cxd4 4 Nxd4 Nf6 5 f3.} 8. b3 Bg7 9. Bb2 O-O {[%emt 0:00:06] The position is equal.} 10. Nd2 a5 11. Qe2 $146 ({Predecessor:} 11. a4 Nd7 12. Bxg7 Kxg7 13. Qc1 Nc5 14. Qb2+ Kg8 15. Qc3 Nxd3 16. cxd3 c5 17. f4 {1-0 Firouzja,A (2760)-Nanu,C (2525) Titled Tuesday intern op 30th Apr Early blitz 2024 (1)}) 11... e5 12. Nc4 Qc7 13. Kh1 Nh5 14. Ba3 Rd8 15. Qe3 Be6 16. Nb6 Rab8 17. Na4 Nf4 18. c4 f5 19. Rad1 (19. exf5 $11 {deserves consideration.} gxf5 20. Bb2) 19... Qf7 {[%emt 0:02:26] Black has space advantage and is better} (19... fxe4 $15 20. Bxe4 d5) 20. exf5 $11 gxf5 21. Bc2 d5 $1 22. Nc5 Bc8 (22... dxc4 $6 23. Nxe6 Rxd1 24. Rxd1 $16) 23. Rfe1 Ng6 24. Qd2 Ra8 25. cxd5 cxd5 26. Bd3 Bf6 27. Bb5 Qc7 {[%emt 0:01:03] Inhibits Bc6.} 28. Rc1 Qb6 {[%emt 0:00:29] [#]} 29. Bd7 Bxd7 30. Qxd5+ {[%emt 0:00:11] [#]} Be6 $1 31. Qxe6+ Qxe6 32. Nxe6 Rd2 33. Bc5 Kf7 34. Nc7 Rc8 35. Nb5 Be7 {[%emt 0:00:37] Wards off Nd6+} 36. Bxe7 Rxc1 37. Rxc1 Kxe7 {[%emt 0:00:06][%mdl 4096] Endgame KRN-KRN. White is a pawn up.} 38. Kg1 Nf4 39. Nc3 e4 40. h4 Ke6 {[%emt 0:00:48] Black has more active pieces.} 41. Rd1 $1 Rc2 42. Nb5 {[%emt 0:00:24] And now Nd4+ would win.} Rxa2 43. Kh2 $2 {[%emt 0:01:17] Loses the game.} (43. Rd8 $15) 43... Rxf2 $19 44. Kg3 e3 (44... Rxg2+ 45. Kxf4 Rf2+ 46. Kg5 $16) 45. Nd4+ Kf6 46. Re1 $2 (46. Ra1) 46... Nh5+ (46... Rxg2+ 47. Kxf4 Rg4+ 48. Kxe3 Re4+ (48... Rxh4 $2 49. Ra1 $18) 49. Kf2 Rxd4 50. Ra1 $17) (46... Nxg2 47. Rxe3 Nxe3 48. Kxf2 Ng4+ 49. Kf3 $11) 47. Kh3 (47. Kh2 $142 Ke5 48. Nxf5 Kxf5 (48... Rxf5 $2 49. Rxe3+ Kd4 50. Re8 $19) 49. Rxe3) 47... Rd2 48. Nf3 Nf4+ 49. Kg3 Nxg2 (49... Rxg2+ $2 {is the wrong capture.} 50. Kxf4 Rg4+ 51. Kxe3 $18) 50. Rg1 f4+ 51. Kg4 Rf2 52. Ng5 {[%emt 0:01:25] [#]} h5+ $1 53. Kh3 {[%emt 0:00:37] [#]} Kf5 {[%cal Oe3e2] ...e2! would now be deadly. Prevents Ne4} 54. Ra1 (54. Rxg2 e2) 54... e2 (54... a4 55. Rxa4 e2 56. Ra5+ Kg6 57. Ra6+ Kg7 (57... Kf5 58. Ra5+ Kg6 59. Ra6+ Kg7 60. Ra7+ Kf8 61. Ra8+ Ke7 62. Ra7+ Ke8 63. Ra1 $19) 58. Ra7+ Kf8 (58... Kg6 $2 59. Ra6+ Kg7 60. Ra1 $19) 59. Ne6+ Kg8 60. Ra1) 55. Rxa5+ Kg6 56. Ra6+ {[%emt 0:00:10] [#]} Kg7 $1 57. Ra7+ Kf8 58. Rd7 {[%emt 0:01:44] [#]} Ke8 $1 (58... e1=B 59. Nh7+ Kg8 60. Nf6+ Kf8 61. Nh7+ Ke8 62. Nf6+ Kf8 63. Nh7+ $11) 59. Ne4 Kxd7 {[%emt 0:00:09] Weighted Error Value: White=0.51/Black=0.09 (flawless)   Loses game:     	White=1     	---        Mistake:       	White=4     	Black=1      Inaccurate:     	White=5     	Black=2      OK:         	White=20    	Black=25     Best:        	White=2     	Black=2      Strong:       	White=1     	Black=1      Brilliant:      	---       	Black=1} ({Worse is} 59... e1=B 60. Nf6+ (60. Nxf2 f3 $11) 60... Kf8 61. Nh7+ Kg8 62. Nf6+ Kf8 63. Nh7+ Ke8 64. Nf6+ Kf8 $11) 0-1

[Event "SixDays Budapest March GM A 2025"]
[Site "Budapest"]
[Date "2025.03.25"]
[Round "2.2"]
[White "Borgaonkar Akshay"]
[Black "Berczes, David"]
[Result "1/2-1/2"]
[Annotator "TA"]
[ECO "C11"]
[WhiteElo "2418"]
[BlackElo "2408"]
[PlyCount "57"]
[EventDate "2025.03.23"]
[EventCountry "HUN"]
[SourceTitle "playchess.com"]
[Source "ChessBase"]
[SourceQuality "1"]
[TimeControl "5400+30"]

1. e4 e6 2. d4 d5 3. Nc3 Nf6 4. e5 Nfd7 5. f4 c5 6. Nf3 Nc6 7. Be3 a6 8. Ne2 {[%emt 0:00:42] C11: French: Classical System: 4 e5 and 4 Bg5 dxe4.} Qb6 9. Qc1 Be7 10. c3 {[%emt 0:00:32] White has an edge.} O-O 11. h4 f6 12. h5 h6 13. Rh3 Rf7 14. Kf2 fxe5 15. fxe5 cxd4 $146 ({Black should try} 15... Bg5 $1 $15) ({Predecessor:} 15... Ndxe5 16. dxe5 Nxe5 17. Kg1 Ng4 18. Rg3 e5 19. Rxg4 Bxg4 20. Nxe5 Rxf1+ 21. Qxf1 Bxh5 {1-0 Aroshidze,L (2531)-Gonzalez Garcia,J (2454) Catalunya-chT Gp2 2025 (1.1)}) 16. cxd4 $11 Bg5 17. Kg1 Bxe3+ 18. Qxe3 Qxb2 19. Rc1 Ne7 20. Nh4 Nb6 21. Nc3 ({White should play} 21. Rf3 $1 $11 Rxf3 (21... Qxa2 22. Rxf7 Kxf7 23. Qf4+ Kg8 24. Rc3 $18) 22. Qxf3) 21... Nc4 $15 22. Bxc4 dxc4 {[%emt 0:00:03][%csl Oc4] Black has a strong passed pawn} 23. Rg3 (23. Rb1 $11 Qc2 24. Rc1) 23... Bd7 $17 24. Nd1 (24. Qxh6 $2 {too greedy.} Qf2+ 25. Kh2 Qxg3+ (25... Qxd4 26. Qg5 $17) 26. Kxg3 gxh6 $19) (24. Rb1 $1 $15 Qc2 25. Rxb7 (25. Qxh6 $2 Qf2+ 26. Kh2 Qxg3+ 27. Kxg3 gxh6 $19)) 24... Qb6 25. Nf2 (25. Rxc4 $15 Bb5 26. Rc1) 25... Nd5 $36 {[%emt 0:00:48][%mdl 2048] Black has strong initiative.} 26. Qe4 {[%emt 0:00:21] This costs White the game.} (26. Qxh6 $17 Qxd4 27. Nf3) 26... Qb2 $1 $19 {[%emt 0:02:02][%csl LRa2,LRc1,LRf2] Black has a decisive advantage.} 27. Rc2 {[%emt 0:00:18] [#]} Qb1+ 28. Kh2 Ba4 (28... Rxf2 29. Rxg7+ Kxg7 30. Qg6+ Kh8 31. Qxh6+ Kg8 32. Qg5+ Kh7 33. Rxf2 $18) 29. Ng4 $2 {[%emt 0:07:37][%mdl 32768] Weighted Error Value: White=0.33/Black=0.07 (flawless)  An unexpected result.  Loses game:     	White=1     	---        Mistake:       	White=5     	Black=1      Inaccurate:     	White=2     	Black=2      OK:         	White=6     	Black=11     Best:        	White=1     	Black=5} (29. Rxc4 Qxe4 30. Nxe4) 1/2-1/2